 Dungeon Crawl Stone Soup version 0.18.1-48-g4cf74bf (webtiles) character file.

683 torvon the Covert (level 7, 0/35 HPs)
             Began as a Spriggan Assassin on Aug 8, 2016.
             Was a Follower of Nemelex Xobeh.
             Succumbed to a worker ant's poison
             ... on level 4 of the Dungeon.
             The game lasted 00:21:30 (3498 turns).

torvon the Covert (Spriggan Assassin)               Turns: 3498, Time: 00:21:30

Health: 0/35       AC:  4    Str:  7    XL:     7   Next: 35%
Magic:  6/11       EV: 29    Int: 13    God:    Nemelex Xobeh [*.....]
Gold:   203        SH:  0    Dex: 24    Spells: 0 memorised, 11 levels left

rFire  . . .     SeeInvis +     f - +3 blowgun
rCold  . . .     Gourm    .     c - +0 robe
rNeg   . . .     Faith    .     (shield restricted)
rPois  .         Spirit   +     h - +1 hat
rElec  .         Dismiss  .     d - +0 cloak
rCorr  .         Reflect  .     (gloves unavailable)
SustAt .         Harm     .     (boots unavailable)
MR     +....                    E - amulet of guardian spirit
Stlth  ++++++....               G - ring of wizardry
                                n - ring of wizardry

@: agile, lethally poisoned (0 -> -3), flying, very quick, somewhat resistant to
hostile enchantments, very stealthy
A: unfitting armour, see invisible, herbivore 3, speed 3, slow metabolism 2
a: Renounce Religion


You were on level 4 of the Dungeon.
You worshipped Nemelex Xobeh.
Nemelex Xobeh was aware of your devotion.
You were not hungry.

You visited 1 branch of the dungeon, and saw 4 of its levels.

You collected 203 gold pieces.

Inventory:

Hand Weapons
 a - a +2 dagger
 b - a +0 blowgun
 e - a +0 war axe
 f - a +3 blowgun (weapon)
 s - a +0 war axe
 x - a +0 hand axe
 V - a +0 short sword
Missiles
 q - 43 bolts
 D - 48 arrows
 N - 18 poisoned needles (quivered)
Armour
 c - a +0 robe (worn)
 d - a +0 cloak (worn)
 h - a +1 hat (worn)
 i - a +0 ring mail
 u - a +0 ring mail
 v - a +0 cloak
 I - a +0 robe
 L - a +0 leather armour
 M - a +0 scale mail
 Q - a +0 plate armour
 U - a +0 leather armour
 X - a +0 ring mail
Jewellery
 n - a ring of wizardry (left hand)
 E - an amulet of guardian spirit (around neck)
 G - a ring of wizardry (right hand)
Scrolls
 j - a scroll of blinking {unknown}
 k - a scroll of remove curse
 l - a scroll of immolation {unknown}
 m - 2 scrolls of identify
 p - a scroll of enchant weapon {unknown}
 w - a scroll of random uselessness {unknown}
 C - a scroll of enchant armour {unknown}
Potions
 P - a potion of cancellation
Miscellaneous
 o - a plain deck of war {drawn: 8}
Comestibles
 g - 2 bread rations
 r - a slice of pizza
 t - 2 beef jerkies
 z - 2 meat rations


   Skills:
 + Level 2.5 Fighting
 + Level 3.5 Short Blades
 + Level 4.2 Throwing
 + Level 5.9 Dodging
 + Level 8.2 Stealth
 * Level 2.5 Spellcasting
 + Level 0.6 Evocations


You had 11 spell levels left.
You didn't know any spells.

Dungeon Overview and Level Annotations

Branches:
Dungeon (4/15)
 Temple: D:4-7

Altars:
Elyvilon
Gozag
Nemelex Xobeh
Okawaru
Yredelemnul
Zin


Innate Abilities, Weirdness & Mutations

You are tiny and cannot use many weapons and most armour.
You have supernaturally acute eyesight.
You are a herbivore.
You cover ground extremely quickly.
You need consume almost no food.


Message History

You draw a card...
It is the Potion.
You feel agile all of a sudden.
* * * LOW HITPOINT WARNING * * *
You feel sick.
You kill the worker ant!
You see here a hand axe.
x - a hand axe
* * * LOW HITPOINT WARNING * * *
You feel sick.
There is a lethal amount of poison in your body!
There is a lethal amount of poison in your body!
It was a potion of flight.
You feel very buoyant.
You fly up into the air.
You draw a card...
It is Water.
* * * LOW HITPOINT WARNING * * *
You feel sick.
You swap places.
You die...
Your body glows slightly and disappears.

##### ##...# ###..#.##
#(...<.(# #.....†.#
#### #.......#
#..####........
########≈≈≈...........
#....@.E≈≈≈(.........#
##.#####≈≈##....##...#
#..####....(..####...
##............#≈_#...
######....#..##.#..#
#....#...'.#.##
##.......##.#...
#.....#.##≈_#...
#.....#.######..


You could see a friendly water elemental.

Vanquished Creatures
  The ghost of kak the Covert, a novice OpAs of Makhleb (D:4)
  A scorpion (D:4)
  A crimson imp (D:3)
  Ijyb (D:3)
  A worker ant (D:4)
  4 adders
  An ooze (D:2)
  2 worms
  2 dart slugs
  3 giant geckos (D:2)
  8 orcs
  3 bats
  5 giant cockroaches
  7 hobgoblins
  8 jackals
  4 giant newts
  5 goblins
  3 kobolds
  7 rats
67 creatures vanquished.

Vanquished Creatures (collateral kills)
  Grinder (D:3)
  Sigmund (D:4)
  2 jackals (D:4)
  A quokka (D:4)
5 creatures vanquished.

Vanquished Creatures (others)
  A quokka (D:3)
  A rat (D:3)
2 creatures vanquished.

Grand Total: 74 creatures vanquished

Notes
Turn   | Place    | Note
--------------------------------------------------------------
     0 | D:1      | torvon the Spriggan Assassin began the quest for the Orb.
     0 | D:1      | Reached XP level 1. HP: 10/10 MP: 2/2
    38 | D:1      | Reached skill level 6 in Stealth
   188 | D:1      | Found a sparkling altar of Nemelex Xobeh.
   196 | D:1      | Became a worshipper of Nemelex Xobeh the Trickster
   286 | D:1      | Received a gift from Nemelex Xobeh
   598 | D:1      | Reached XP level 2. HP: 13/14 MP: 3/3
   886 | D:2      | Reached XP level 3. HP: 18/18 MP: 4/4
   929 | D:2      | Reached * piety under Nemelex Xobeh
   930 | D:2      | Found a basalt altar of Yredelemnul.
  1128 | D:2      | Found an opulent altar of Gozag.
  1277 | D:2      | Reached skill level 7 in Stealth
  1482 | D:2      | Reached XP level 4. HP: 23/23 MP: 5/5
  1556 | D:3      | Noticed Ijyb
  1573 | D:3      | Killed Ijyb
  1636 | D:3      | Found an iron altar of Okawaru.
  1779 | D:3      | Noticed Grinder
  1813 | D:3      | Killed Grinder
  1813 | D:3      | Reached XP level 5. HP: 3/26 MP: 1/6
  2059 | D:3      | Found a sparkling altar of Nemelex Xobeh.
  2094 | D:3      | Reached skill level 8 in Stealth
  2731 | D:3      | Reached XP level 6. HP: 18/31 MP: 6/8
  2995 | D:4      | Reached skill level 1 in Spellcasting
  3113 | D:4      | Found a white marble altar of Elyvilon.
  3113 | D:4      | Found a glowing silver altar of Zin.
  3141 | D:4      | Noticed Sigmund
  3141 | D:4      | Noticed kak's ghost (novice OpAs)
  3216 | D:4      | Killed Sigmund
  3449 | D:4      | Killed kak's ghost
  3449 | D:4      | Reached skill level 5 in Dodging
  3449 | D:4      | Reached XP level 7. HP: 15/35 MP: 4/11
  3492 | D:4      | HP: 1/35 [poisoned by a worker ant]
  3498 | D:4      | Succumbed to a worker ant's poison

Skill      XL: |  1  2  3  4  5  6 |
---------------+-------------------+-----
Stealth        | 6 7 8 |  8.2
Dodging        | 2 4 5 |  5.9
Fighting       | 2 |  2.5
Short Blades   | 3 |  3.5
Throwing       | 3 4 |  4.2
Spellcasting   | 2 |  2.5
Evocations     | |  0.6

Action                   |  1- 3 |  4- 6 |  7- 9 || total
-------------------------+-------+-------+-------++-------
Melee: Dagger            |   137 |   132 |    18 ||   287
 Fire: Blowgun           |     5 |   109 |     2 ||   116
Evoke: Deck              |     1 |     5 |     2 ||     8
  Use: Scroll            |     1 |     1 |       ||     2
       Potion            |       |     2 |     1 ||     3
 Stab: Sleeping          |    10 |     1 |       ||    11
       Distracted        |       |     1 |       ||     1
Armor: Robe              |    17 |    21 |     2 ||    40
Dodge: Dodged            |    96 |   159 |    18 ||   273
